 Dungeon Crawl Stone Soup version 0.29-a0-344-ge2f44be95a (webtiles) character file.

Game seed: 4944215978747002206

4 spaghetti the Caller (level 1, -2/14 HPs)
             Began as a Demonspawn Summoner on Apr 21, 2022.
             Slain by a gnoll
             ... wielding a +0 club
              (5 damage)
             ... on level 1 of the Dungeon.
             The game lasted 00:00:49 (266 turns).

spaghetti the Caller (Demonspawn Summoner)           Turns: 266, Time: 00:00:50

Health: -2/14      AC:  2    Str:  8    XL:     1   Next: 58%
Magic:  0/3        EV: 12    Int: 16    God:
Gold:   9          SH:  0    Dex: 13    Spells: 3/4 levels left

rFire   . . .      SeeInvis .   (no weapon)
rCold   . . .      Faith    .   (no shield)
rNeg    . . .      Spirit   .   a - +0 robe
rPois   .          Reflect  .   (no helmet)
rElec   .          Harm     .   (no cloak)
rCorr   .          Rampage  .   (no gloves)
Will    .....                   (no boots)
Stlth   ++........              (no amulet)
HPRegen 0.04/turn               (no ring)
MPRegen 0.08/turn               (no ring)

@: about to teleport
A: no striking features
a: no special abilities


You were on level 1 of the Dungeon.
You visited 1 branch of the dungeon, and saw 1 of its levels.

You collected 9 gold pieces.


   Skills:
 + Level 0.4 Fighting
 * Level 0.7 Armour
 - Level 1.7 Dodging
 - Level 1.7 Stealth
 - Level 2.0 Spellcasting
 - Level 4.0 Summonings


You had 3 spell levels left.
You knew the following spells:

 Your Spells              Type           Power      Damage    Failure   Level
a - Summon Small Mammal   Summ           56%        N/A       4%          1

Your spell library contained the following spells:

 Spells                   Type           Power      Damage    Failure   Level
 Call Imp                 Summ           14%        N/A       6%          2
 Call Canine Familiar     Summ           14%        N/A       12%         3
 Summon Guardian Golem    Hex/Summ       8%         N/A       26%         3
 Summon Lightning Spire   Summ/Air       8%         N/A       65%         4

Inventory:

Armour
 a - a +0 robe (worn)
Potions
 b - a potion of magic

Dungeon Overview and Level Annotations

Branches:
Dungeon (1/15)

Altars:

....### ##..##*,,*****≈**≈≈****,*
##..# ##...#,,** ********,,,*
#'## #..###*,** ***,,,,,,* ##'##
###..##*,,** **,.,,,,,,,
###.###.....##*,,* **,..,,,,,**
##....#.......##*,** *,...,,,,,*
#..#.....###...###+##*....,,,,,**
..###...## ##..#.g..#.....,,,,,**
..#..#..## ##...@#§.......,,,,,,*
#..###...###...###g##.....,,,,,,*
#...###.......###.##**....,,,,,,*
..### ##.....## #†####,,..,,,,,,*
.## ##..#### ##†#.#*,,,,,,,,,* .#
####...#.# ###.#***,,,,,,,,* ##
#...##..####g.## ***,,,,,,* *
*#.#..#.## #.### ****,,,, **
*#.*###...# ##.#* *****


You could see a gnoll.


Message History

You hit the dart slug. The dart slug misses you.
You hit the dart slug. You hit the dart slug. The dart slug barely misses you.
You hit the dart slug. The dart slug closely misses you.
You hit the dart slug.
You kill the dart slug! 😮 HP[+1]
You now have 14 max hp (+1).
You see here a dart slug corpse.
Key pressed, stopping explore.
A jackal comes into view.
The jackal barks!
You hear a shout!
The jackal barely misses you. x2
A gnoll comes into view. It is wielding a +0 club. 😎 HP[+4]
Your hp is fully restored (14).
There are monsters nearby!
There are monsters nearby!
You hit the jackal. The jackal bites you. 😕 HP[-3]
You take 3 damage, and now have 11/14 hp.
MASSIVE DAMAGE!! (PAUSE)
You closely miss the jackal.
The jackal bites you but does no damage.
You miss the jackal. The jackal bites you.
The jackal barely misses you. 😮 HP[-2]
You take 2 damage, and now have 9/14 hp.
You closely miss the jackal. The jackal closely misses you.
Unknown command.
You barely miss the jackal. The jackal barely misses you.
The jackal bites you but does no damage.
You closely miss the jackal.
The jackal bites you but does no damage.
You hit the jackal. The jackal bites you.
* * * LOW HITPOINT WARNING * * *
😨 HP[-2]
You take 2 damage, and now have 7/14 hp.
You hit the jackal but do no damage. The jackal barely misses you. x2
Unknown command.
Casting: Summon Small Mammal (safe; 4% risk of failure)
Confirm with . or Enter, or press ? or * to list all spells.
The jackal bites you but does no damage.
The jackal misses you. 😨 MP[-1]
You lost 1 mp, and now have 2/3 mp.
The jackal attacks as you move away!
The jackal bites you but does no damage.
You swap places.
The jackal attacks as you move away! The jackal closely misses you.
Something bites your rat. x2
Your rat dies!
Your rat's corpse disappears in a puff of smoke!
You see here a dart slug corpse.
Casting: Summon Small Mammal (safe; 4% risk of failure)
Confirm with . or Enter, or press ? or * to list all spells.
The jackal bites your rat.
Your rat dies!
Your rat's corpse disappears in a puff of smoke! 😨 MP[-1]
You lost 1 mp, and now have 1/3 mp.
Casting: Summon Small Mammal (safe; 4% risk of failure)
Confirm with . or Enter, or press ? or * to list all spells.
The jackal closely misses you. 😨 MP[-1]
You lost 1 mp, and now have 0/3 mp.
You swap places.
The jackal attacks as you move away! The jackal bites you.
* * * LOW HITPOINT WARNING * * *
The jackal closely misses your rat.
Your rat closely misses the jackal. 😨 HP[-1]
You take 1 damage, and now have 6/14 hp.
Something closely misses your rat. Something bites your rat.
There is an open door here.
Your rat bites the jackal.
The jackal dies!
You close the door.
You start resting.
A gnoll opens the door.
It is wielding a +0 club. 😨 HP[+1] MP[+1]
You close the door.
A gnoll opens the door.
Casting: Summon Small Mammal (safe; 4% risk of failure)
Confirm with . or Enter, or press ? or * to list all spells.
The gnoll hits your rat with a +0 club.
Your rat dies!
Your rat's corpse disappears in a puff of smoke! 😨 MP[-1]
You lost 1 mp, and now have 0/3 mp.
You start resting.
A gnoll is nearby!
You hit the gnoll. The gnoll hits you with a +0 club.
* * * LOW HITPOINT WARNING * * *
😱 HP[-4]
You take 4 damage, and now have 3/14 hp.
MASSIVE DAMAGE!! (PAUSE)
Okay, then.
As you read the scroll labelled OCURU ISOIRAOS, it crumbles to dust.
You feel aware of your surroundings.
You sensed 1 altar, and 1 shop/portal.
It was a scroll of magic mapping.
The gnoll closely misses you.
As you read the scroll labelled WYVAMO NIXKUNE, it crumbles to dust.
You feel strangely unstable.
It was a scroll of teleportation.
The gnoll hits you with a +0 club.
You die...

Action                   || total
-------------------------++-------
Melee: Unarmed           ||    28
 Cast: Summon Small Mamm ||     4
  Use: Scroll            ||     2
 Stab: Sleeping          ||     1
Armor: Robe              ||     7
Dodge: Dodged            ||    23

Levels and vault maps discovered:
D:1:      dpeg_cavernosity, layout_loops_ring, serial_shops, shop_fountains,
          shapermc_ecumenical_altar_hornbeckon, minmay_misc_feat_hallway,
          minmay_close_crescents

Notes
Turn   | Place    | Note
-------+----------+-------------------------------------------
     0 | D:1      | spaghetti the Demonspawn Summoner began the quest for the
                  | Orb.
     0 | D:1      | Reached XP level 1. HP: 13/13 MP: 3/3
     0 | D:1      | magus.rc [v1.9.6]
   264 | D:1      | HP: 3/14 [gnoll/+0 club (4)]
   266 | D:1      | Slain by a gnoll

Vanquished Creatures
  A dart slug (D:1)
  A bat (D:1)
2 creatures vanquished.

Vanquished Creatures (collateral kills)
  A jackal (D:1)
1 creature vanquished.

Grand Total: 3 creatures vanquished

Table legend:
 A = Non-vault XP
 B = Vault XP
 C = Vault XP percentage of total XP
 D = Non-vault monster count
 E = Vault monster count
 F = Vault count percentage of total count
                 A         B        C        D         E       F
            +---------+---------+-------+---------+---------+-------
      Total |       0 |       7 | 100.0 |       0 |       3 | 100.0
            +---------+---------+-------+---------+---------+-------
        D:1 |       0 |       7 | 100.0 |       0 |       3 | 100.0
            +---------+---------+-------+---------+---------+-------

Illustrated notes

Table legend:
 A = Kills in this place as a percentage of kills in entire the game.
 B = Kills by you in this place as a percentage of kills by you in the entire game.
 C = Kills by friends in this place as a percentage of kills by friends in the entire game.
 D = Other kills in this place as a percentage of other kills in the entire game.
 E = Experience gained in this place as a percentage of experience gained in the entire game.
 F = Experience gained in this place divided by the number of levels of this place that you have seen.
                   A       B       C       D       E      F
               +-------+-------+-------+-------+-------+----------------------
         Total | 100.0 | 100.0 | 100.0 |   N/A | 100.0 |   7.0
       Dungeon | 100.0 | 100.0 | 100.0 |   N/A | 100.0 |   7.0
               +-------+-------+-------+-------+-------+----------------------

Table legend: (Time is in decaauts)
 A = Elapsed time spent in this place.
 B = Non-inter-level travel time spent in this place.
 C = Inter-level travel time spent in this place.
 D = Time resting spent in this place.
 E = Time spent auto-exploring this place.
 F = Levels seen in this place.
 G = Mean time per level.
                   A        B        C        D        E       F      G
               +--------+--------+--------+--------+--------+-----+--------+
         Total |    266 |    266 |      0 |      6 |    208 |   1 |  266.0 |
       Dungeon |    266 |    266 |      0 |      6 |    208 |   1 |  266.0 |
               +--------+--------+--------+--------+--------+-----+--------+

Top non-repeatable levels by time:
     D:1: 266 daAuts
